 Dungeon Crawl Stone Soup version 0.28.0 (webtiles) character file.

Game seed: 8380281894611686346

46 fiver49 the Chucker (level 3, -2/29 HPs)
             Began as a Draconian Wanderer on Feb 15, 2022.
             Slain by a scorpion (7 damage)
             ... on level 2 of the Dungeon.
             The game lasted 00:02:42 (1420 turns).

fiver49 the Chucker (Draconian Wanderer)            Turns: 1420, Time: 00:02:43

Health: -2/29      AC:  5    Str: 18    XL:     3   Next: 46%
Magic:  6/6        EV: 11    Int: 12    God:
Gold:   73         SH:  0    Dex:  8    Spells: 6/7 levels left

rFire   . . .      SeeInvis .   g - +8 whip of Eraseed {freeze, rN+}
rCold   . . .      Faith    .   (no shield)
rNeg    + . .      Spirit   .   (armour unavailable)
rPois   .          Reflect  .   (helmet restricted)
rElec   .          Harm     .   (no cloak)
rCorr   .          Rampage  .   (no gloves)
Will    .....                   (no boots)
Stlth   +.........              (no amulet)
HPRegen 0.09/turn               (no ring)
MPRegen 0.10/turn               (no ring)

@: lethally poisoned (-2 -> -4)
A: AC +5, unfitting armour, cold-blooded
a: no special abilities


You were on level 2 of the Dungeon.
You visited 1 branch of the dungeon, and saw 2 of its levels.

You collected 73 gold pieces.

Inventory:

Hand Weapons
 a - a +3 dagger
 g - the +8 whip of Eraseed (weapon) {freeze, rN+}
   (You found it on level 2 of the Dungeon)

   It freezes those it strikes, dealing additional cold damage.
   It can also slow down cold-blooded creatures.
   rN:        It protects you from negative energy.
Scrolls
 d - a scroll of identify {unknown}
 e - 2 scrolls of enchant weapon {unknown}
Potions
 c - a potion of heal wounds {unknown}
 f - a potion of curing {unknown}


   Skills:
 - Level 2.1 Fighting
 + Level 0.0 Maces & Flails
 - Level 4.5 Throwing
 * Level 2.6 Spellcasting
 + Level 2.7 Fire Magic


You had 6 spell levels left.
You knew the following spells:

 Your Spells              Type           Power      Damage    Failure   Level
a - Foxfire               Conj/Fire      16%        2x1d4     14%         1

Your spell library contained the following spells:

 Spells                   Type           Power      Damage    Failure   Level
 Inner Flame              Hex/Fire       4%         N/A       41%         3


Dungeon Overview and Level Annotations

Branches:
Dungeon (2/15)

Altars:


Innate Abilities, Weirdness & Mutations

Your plain brown scales are hard. (AC +5)
You cannot fit into any form of body armour.
You are cold-blooded and may be slowed by cold attacks.


Message History

A frilled lizard comes into view.
Found a twisted whip.
A goblin comes into view. It is wielding a +0 club.
The goblin shouts!
The goblin moves out of view.
You closely miss the frilled lizard.
The frilled lizard bites you but does no damage.
You closely miss the frilled lizard. The frilled lizard barely misses you.
You closely miss the frilled lizard.
Your tail-slap misses the frilled lizard.
The frilled lizard bites you.
You barely miss the frilled lizard. The frilled lizard bites you.
You hit the frilled lizard.
You kill the frilled lizard!
You closely miss the goblin.
A jackal comes into view.
The goblin closely misses you.
The jackal barks!
You hit the goblin.
You kill the goblin!
A jackal comes into view.
You throw a curare-tipped dart.
The curare-tipped dart barely misses the jackal.
The jackal barks!
You hear an angry hiss.
Casting: Foxfire (safe; 16% risk of failure)
Confirm with . or Enter, or press ? or * to list all spells.
You conjure some foxfire!
The foxfire hits the jackal.
The jackal is moderately wounded.
The foxfire hits the jackal.
The jackal is almost dead.
Casting: Foxfire (safe; 16% risk of failure)
Confirm with . or Enter, or press ? or * to list all spells.
You miscast Foxfire.
You are very lightly contaminated with residual magic.
Nothing appears to happen.
You hit the jackal.
You kill the jackal!
You hit the jackal.
Your tail-slap misses the jackal.
The jackal is severely wounded.
The jackal barely misses you.
The jackal bites you but does no damage.
You barely miss the jackal. You tail-slap the jackal.
The jackal is almost dead.
The jackal closely misses you.
You hit the jackal.
You kill the jackal!
Casting: Foxfire (safe; 14% risk of failure)
Confirm with . or Enter, or press ? or * to list all spells.
You miscast Foxfire.
Nothing appears to happen.
You puncture the ball python!
You kill the ball python!
No target in view!
No target in view!
You see here a +0 club.
You see here the +8 whip of Eraseed {freeze, rN+}.
g - the +8 whip of Eraseed {freeze, rN+} The +8 whip of Eraseed {freeze, rN+} glows with a cold blue light!
g - the +8 whip of Eraseed (weapon)
{freeze, rN+} Setting a skill training target for Maces & Flails at 12.0.
Your magical contamination has completely faded away.
HP restored.
A scorpion comes into view.
The scorpion moves out of view.
You see here 2 poisoned darts.
A scorpion is nearby!
Casting: Foxfire (safe; 14% risk of failure)
Confirm with . or Enter, or press ? or * to list all spells.
You conjure some foxfire!
You barely miss the scorpion.
The foxfire hits the scorpion but does no damage. x2
The scorpion barely misses you.
You hit the scorpion. You freeze the scorpion.
The scorpion is lightly wounded.
The scorpion stings you.
You are poisoned.
The scorpion poisons you! The scorpion misses you.
You closely miss the scorpion.
The scorpion is lightly wounded.
You feel very sick. The scorpion barely misses you.
You whack the scorpion! You freeze the scorpion.
The scorpion is severely wounded.
You feel very sick. The scorpion closely misses you.
You closely miss the scorpion.
The scorpion is severely wounded.
You feel sick. The scorpion stings you! The scorpion closely misses you.
You are too injured to fight recklessly!
You barely miss the scorpion. You tail-slap the scorpion.
The scorpion is almost dead.
You feel sick. The scorpion stings you.
* * * LOW HITPOINT WARNING * * *
You hit the scorpion but do no damage.
The scorpion is almost dead.
You feel sick. The scorpion closely misses you.
You barely miss the scorpion.
Your tail-slap misses the scorpion.
The scorpion is almost dead.
You feel sick. The scorpion barely misses you. The scorpion stings you!
You die...

. #....######†
............##..#####..
##.........#.>......##..
...........#######......
#......... #.†.....
#$...... ##)#...#.
#.....## ###..#...#.
#.s..####.......###
#.@.............#
#....####.......# #....#
#.......# ##...#
#........# #.#.#
#......#.# #.#.#
########.# #.#.# . #.#.#


You could see a scorpion.

Vanquished Creatures
  An adder (D:2)
  A dart slug (D:1)
  3 ball pythons
  3 endoplasms (D:1)
  2 goblins
  4 hobgoblins
  5 jackals
  A quokka (D:1)
  3 bats
  5 frilled lizards
  2 kobolds
  3 rats
33 creatures vanquished.

Vanquished Creatures (others)
  51 foxfires
51 creatures vanquished.

Grand Total: 84 creatures vanquished

Notes
Turn   | Place    | Note
-------+----------+-------------------------------------------
     0 | D:1      | fiver49 the Draconian Wanderer began the quest for the Orb.
     0 | D:1      | fiver49 set off with the following items: a +3 dagger, a
                  | curare-tipped dart; and the following spell memorised:
                  | Foxfire; and the following spells available to memorise:
                  | Inner Flame
     0 | D:1      | Reached XP level 1. HP: 17/17 MP: 2/2
   151 | D:1      | Reached XP level 2. HP: 20/24 MP: 2/4
   486 | D:1      | Reached skill level 2 in Spellcasting
  1093 | D:2      | Reached XP level 3. HP: 18/29 MP: 2/6
  1380 | D:2      | Identified the +8 whip of Eraseed {freeze, rN+}
  1409 | D:2      | Noticed a scorpion
  1418 | D:2      | HP: 7/29 [scorpion (1)]
  1420 | D:2      | Slain by a scorpion

Illustrated notes

Levels and vault maps discovered:
D:1:      psy_arrival_dodecagon, layout_loops_ring, serial_forest,
          infiniplex_forest_zigzag_1, infiniplex_forest_straight_2,
          infiniplex_forest_lined_corner, infiniplex_forest_zigzag_1,
          infiniplex_forest_lined_3
D:2:      layout_rooms, serial_shops,
          nicolae_shop_temple_entry_statues_fountains, basic_altar,
          cheibrodos_gnoll_hut

Skill      XL: |  1  2 |
---------------+-------+-----
Spellcasting   | 2 |  2.6
Fighting       | |  2.1
Throwing       | |  4.5
Fire Magic     | |  2.7

Action                   || total
-------------------------++-------
Melee: Dagger            ||    49
       Tailslap          ||     4
       Whip              ||     8
Throw: Dart              ||     3
 Cast: Foxfire           ||    29
Armor: Skin              ||    10
Dodge: Dodged            ||    33

Table legend: (Time is in decaauts)
 A = Elapsed time spent in this place.
 B = Non-inter-level travel time spent in this place.
 C = Inter-level travel time spent in this place.
 D = Time resting spent in this place.
 E = Time spent auto-exploring this place.
 F = Levels seen in this place.
 G = Mean time per level.
                   A        B        C        D        E       F      G
               +--------+--------+--------+--------+--------+-----+--------+
         Total |   1423 |   1381 |     42 |    189 |    980 |   2 |  711.5 |
       Dungeon |   1423 |   1381 |     42 |    189 |    980 |   2 |  711.5 |
               +--------+--------+--------+--------+--------+-----+--------+

Top non-repeatable levels by time:
     D:1: 1143 daAuts
     D:2: 279 daAuts

Table legend:
 A = Kills in this place as a percentage of kills in entire the game.
 B = Kills by you in this place as a percentage of kills by you in the entire game.
 C = Kills by friends in this place as a percentage of kills by friends in the entire game.
 D = Other kills in this place as a percentage of other kills in the entire game.
 E = Experience gained in this place as a percentage of experience gained in the entire game.
 F = Experience gained in this place divided by the number of levels of this place that you have seen.
                   A       B       C       D       E      F
               +-------+-------+-------+-------+-------+----------------------
         Total | 100.0 | 100.0 |   N/A |   N/A | 100.0 |  33.5
       Dungeon | 100.0 | 100.0 |   N/A |   N/A | 100.0 |  33.5
               +-------+-------+-------+-------+-------+----------------------
